 Dungeon Crawl Stone Soup version 0.28.0-43-g3370ac3207 (webtiles) character file.

Game seed: 3763312466891331146

167 terff the Sneak (level 5, -2/35 HPs)
             Began as an Octopode Brigand on Mar 20, 2022.
             Killed from afar by an orc wizard (11 damage)
             ... with a magic dart
             ... on level 5 of the Dungeon.
             The game lasted 00:02:17 (381 turns).

terff the Sneak (Octopode Brigand)                   Turns: 381, Time: 00:02:17

Health: -2/35      AC:  1    Str: 11    XL:     5   Next: 48%
Magic:  5/5        EV: 13    Int: 13    God:
Gold:   7          SH:  0    Dex: 21    Spells: 4/4 levels left

rFire   . . .      SeeInvis .   a - +2 dagger
rCold   . . .      Faith    .   (no shield)
rNeg    . . .      Spirit   .   (helmet restricted)
rPois   .          Reflect  .   (no amulet)
rElec   .          Harm     .   d - +6 ring of dexterity
rCorr   .          Rampage  .   (no ring)
Will    .....                   (no ring)
Stlth   +++++.....              (no ring)
HPRegen 0.11/turn               (no ring)
MPRegen 0.09/turn               (no ring)
                                (no ring)
                                (no ring)

@: no status effects
A: almost no armour, amphibious, 8 rings, camouflage 1, gelatinous body 1,
(nimble swimmer 1), tentacles
a: no special abilities


You were on level 5 of the Dungeon.
You visited 1 branch of the dungeon, and saw 5 of its levels.

You collected 7 gold pieces.

Inventory:

Hand Weapons
 a - a +2 dagger (weapon)
Missiles
 b - 11 poisoned darts (quivered)
 c - 2 curare-tipped darts
Jewellery
 d - a +6 ring of dexterity (left tentacle)
Potions
 e - a potion of curing {unknown}
 g - a potion of attraction {unknown}


   Skills:
 + Level 2.4 Fighting
 + Level 2.7 Short Blades
 + Level 2.3 Throwing
 + Level 1.8 Dodging
 + Level 7.8 Stealth


You had 4 spell levels left.
You didn't know any spells.
Your spell library contained the following spells:

 Spells                   Type           Power      Damage    Failure   Level
 Ensorcelled Hibernation  Hex/Ice        0%         N/A       43%         2
 Passwall                 Tmut/Erth      0%         N/A       43%         2
 Swiftness                Air            0%         N/A       67%         3


Dungeon Overview and Level Annotations

Branches:
Dungeon (5/15)
 Temple: D:4-7

Altars:


Innate Abilities, Weirdness & Mutations

You cannot wear most types of armour.
You are amphibious.
You can wear up to eight rings at the same time.
Your skin changes colour to match your surroundings (Stealth+).
Your rubbery body absorbs attacks. (AC +1, EV +1)
((You are camouflaged when in or above water. (Stealth+)))
You have tentacles for arms and can constrict up to eight enemies at once.


Message History

The orc wizard casts a spell.
The orc wizard flickers and vanishes!
Deactivating autopickup; reactivate with Ctrl-A.
A jelly comes into view.
You closely miss the hound. You grab the hound.
You constrict the hound, but do no damage.
The jelly quivers.
The hound misses you.
You hit the hound but do no damage. You squeeze the hound.
The hound is moderately wounded.
You constrict the hound. The hound barely misses you.
You hit the hound but do no damage.
The hound is moderately wounded.
You constrict the hound. The hound bites you. x2
As you read the scroll labelled FAAKUA INUMMI, it crumbles to dust.
The scroll dissolves into smoke.
It was a scroll of fog.
You constrict the hound. The hound barely misses you.
You release your grip on the hound.
The hound bites you. The hound closely misses you. The hound misses you.
The hound bites you.
You closely miss the hound. Your grab misses the hound.
The hound is heavily wounded.
The hound misses you.
You hit the hound. You grab the hound.
The hound is heavily wounded.
You constrict the hound. The hound completely misses you.
The hound bites you but does no damage.
You hit the hound. You squeeze the hound.
The hound is almost dead.
You constrict the hound. The hound bites you.
You hit the hound.
You kill the hound!
Something tries to affect you, but you resist.
A magic dart appears from out of thin air!
The magic dart hits you!
* * * LOW HITPOINT WARNING * * *
A magic dart appears from out of thin air!
The magic dart hits you!
You die...

#.#.#.##.#.#.###.# #
......##......##.#
....#.##.#.{..##.###.#.#
##
..............##........
S...............##.##...##
#.######.......##..# ..#
#......#.......##..#...##
#....'......###..#.....
#+####...@..# #........
......#######......##
......# #...<.#.....
.Z....# #.##.##.....
....... # #.# ..###
..#####.# #.. .# ... ..
#.. #.#. #...


You could see a scorpion zombie.

Vanquished Creatures
  Menkaure (D:4)
  A hound (D:5)
  An adder (D:3)
  3 ball pythons
  A rat (D:2)
7 creatures vanquished.

Notes
Turn   | Place    | Note
-------+----------+-------------------------------------------
     0 | D:1      | terff the Octopode Brigand began the quest for the Orb.
     0 | D:1      | Reached XP level 1. HP: 14/14 MP: 1/1
    84 | D:2      | Found a faded altar of an unknown god.
   153 | D:3      | Reached XP level 2. HP: 19/19 MP: 2/2
   156 | D:4      | Noticed a phantom
   198 | D:4      | Noticed Menkaure
   212 | D:4      | Killed Menkaure
   213 | D:4      | Reached skill level 7 in Stealth
   213 | D:4      | Reached XP level 3. HP: 15/25 MP: 3/3
   213 | D:4      | Reached XP level 4. HP: 18/30 MP: 4/4
   213 | D:4      | Reached XP level 5. HP: 21/35 MP: 5/5
   287 | D:5      | Entered Level 5 of the Dungeon
   381 | D:5      | Killed from afar by an orc wizard

Illustrated notes

Levels and vault maps discovered:
D:1:      amcnicky_arrival_gap_in_the_tavern_cellar, layout_loops_cross
D:2:      layout_loops_ring, dreamdust_ecumenical_altar_sealed_demon
D:3:      layout_basic, serial_shops, nicolae_diamond_shop, shop, shop, shop,
          grunt_ministairs_10, corexii_item_surrounded_by_moat
D:4:      layout_loops_cross, minmay_temple_entry_poolview,
          uniq_crazy_yiuf_cottage, uniq_menkaure
D:5:      layout_basic, lemuel_doored_altar

Skill      XL: |  1  2 |
---------------+-------+-----
Stealth        | 7 |  7.8
Fighting       | |  2.4
Short Blades   | |  2.7
Throwing       | |  2.3
Dodging        | |  1.8

Action                   |  1- 3 |  4- 6 || total
-------------------------+-------+-------++-------
Melee: Dagger            |    16 |     7 ||    23
       Tentacles         |     3 |     2 ||     5
       Constrict         |     1 |     2 ||     3
  Use: Scroll            |     1 |     1 ||     2
 Stab: Sleeping          |     3 |       ||     3
Armor: Skin              |     1 |     1 ||     2
Dodge: Dodged            |    12 |     7 ||    19
